 Dungeon Crawl Stone Soup version 0.28-a0-991-g956f0ee3d5 (webtiles) character file.

Game seed: 7101331071807748941

59 Decritt the Skirmisher (level 3, -2/34 HPs)
             Began as a Minotaur Fighter on Dec 5, 2021.
             Slain by Robin (5 damage)
             ... on level 3 of the Dungeon.
             The game lasted 00:02:36 (1423 turns).

Decritt the Skirmisher (Minotaur Fighter)           Turns: 1423, Time: 00:02:36

Health: -2/34      AC: 11    Str: 22    XL:     3   Next: 78%
Magic:  2/2        EV:  9    Int:  5    God:
Gold:   147        SH:  0    Dex:  9    Spells: 2/2 levels left

rFire   . . .      SeeInvis .   j - +0 battleaxe
rCold   . . .      Faith    .   (shield currently unavailable)
rNeg    . . .      Spirit   .   b - +0 scale mail
rPois   .          Reflect  .   (helmet restricted)
rElec   .          Harm     .   l - +2 cloak
rCorr   +          Rampage  .   (no gloves)
Will    .....                   h - +0 pair of boots
Stlth   ..........              (no amulet)
HPRegen 0.11/turn               m - ring of resist corrosion
MPRegen 0.08/turn               (no ring)

@: mighty
A: horns 2, retaliatory headbutt
a: no special abilities


You were on level 3 of the Dungeon.
You visited 1 branch of the dungeon, and saw 3 of its levels.

You collected 147 gold pieces.

Inventory:

Hand Weapons
 a - a +0 war axe
 j - a +0 battleaxe (weapon)
Missiles
 k - 5 javelins
Armour
 b - a +0 scale mail (worn)
 c - a +0 buckler
 h - a +0 pair of boots (worn)
 l - a +2 cloak (worn)
Jewellery
 m - a ring of resist corrosion (left hand)
Scrolls
 e - a scroll of blinking {unknown}
 f - a scroll of vulnerability {unknown}
 g - a scroll of holy word {unknown}
Potions
 d - a potion of might
 i - 2 potions of lignification {unknown}


   Skills:
 * Level 4.4 Fighting
 * Level 3.5 Axes
 + Level 4.0 Armour
 + Level 4.0 Shields


You had 2 spell levels left.
You didn't know any spells.
Your spell library contained the following spells:

 Spells                   Type           Power      Damage    Failure   Level
 Ensorcelled Hibernation  Hex/Ice        0%         N/A       90%         2
 Tukima's Dance           Hex            0%         N/A       99%         3


Dungeon Overview and Level Annotations

Branches:
Dungeon (3/15)

Altars:

Annotations:
D:3 Robin


Innate Abilities, Weirdness & Mutations

You have a pair of horns on your head.
You reflexively headbutt those who attack you in melee.


Message History

You closely miss the hobgoblin.
The hobgoblin is severely wounded.
You barely miss the goblin. You miss the goblin.
The goblin hits you with a +0 dagger.
* * * LOW HITPOINT WARNING * * *
The goblin hits you with a +0 dagger.
* * * LOW HITPOINT WARNING * * *
Robin throws the goblin at you! The hobgoblin barely misses you.
The goblin closely misses you. The goblin hits you but does no damage.
The goblin closely misses you.
You are too injured to fight recklessly!
You feel very mighty all of a sudden.
Robin hits you from afar with a +2 trident of protection.
* * * LOW HITPOINT WARNING * * *
The hobgoblin hits you but does no damage.
The goblin hits you with a +3 dagger of flaming.
* * * LOW HITPOINT WARNING * * *
The goblin burns you.
* * * LOW HITPOINT WARNING * * *
The goblin barely misses you. x2
You barely miss the hobgoblin. You headbutt the hobgoblin.
You kill the hobgoblin!
You barely miss the goblin. You closely miss the goblin. You slash the goblin!
You kill the goblin!
Robin throws the goblin at you! The goblin barely misses you.
The goblin hits you but does no damage. Robin barely misses you.
The goblin hits you but does no damage.
You closely miss the goblin. x2; You barely miss the goblin.
The goblin hits you but does no damage. The goblin hits you with a +0 dagger.
* * * LOW HITPOINT WARNING * * *
The goblin barely misses you. The goblin hits you but does no damage.
The goblin hits you with a +0 dagger.
* * * LOW HITPOINT WARNING * * *
You slice the goblin!!
You kill the goblin!
You miss the goblin. You slash the goblin!
You kill the goblin!
The goblin no longer looks unusually strong.
Robin hits you from afar with a +2 trident of protection.
You die...

.#....... # #.#...#...
#≈ ##......#... ≈
#.#.#...#... # #≈
+.......#... ...##'#
#.......#..
......)######.......###
......)@g...'.........##
.....g)#....##......#.#.
####...#######......#.#.
#... ##.##....#. #...
#..)...##. #...
####.#...# #... ...#...#
#### ######...#
#........#


You could see Robin and a goblin.

Vanquished Creatures
  2 worms
  A dart slug (D:1)
  3 ball pythons
  2 bats
  3 endoplasms
  A giant cockroach (D:1)
  8 hobgoblins
  2 jackals (D:1)
  2 quokkas
  3 frilled lizards
  13 goblins
  3 kobolds
  3 rats
46 creatures vanquished.

Vanquished Creatures (others)
  2 fungi (D:1)
  2 plants (D:3)
4 creatures vanquished.

Grand Total: 50 creatures vanquished

Notes
Turn   | Place    | Note
-------+----------+-------------------------------------------
     0 | D:1      | Decritt the Minotaur Fighter began the quest for the Orb.
     0 | D:1      | Reached XP level 1. HP: 19/19 MP: 0/0
   140 | D:1      | Reached XP level 2. HP: 26/27 MP: 1/1
   412 | D:1      | Found a faded altar of an unknown god.
   687 | D:2      | Reached XP level 3. HP: 33/33 MP: 2/2
  1412 | D:3      | Noticed Robin
  1423 | D:3      | Slain by Robin

Illustrated notes

Levels and vault maps discovered:
D:1:      psy_arrival_spokes, layout_rooms, shapermc_ecumenical_altar_acropolis,
          minmay_statues_item
D:2:      layout_basic, lemuel_another_geyser
D:3:      layout_basic, saegor_snake_ambush, uniq_terence, uniq_ijyb, uniq_robin

Skill      XL: |  1  2  3 |
---------------+----------+-----
Fighting       | 4 |  4.4
Axes           | 3 |  3.5
Shields        | 4 |  4.0
Armour         | 4 |  4.0

Action                   || total
-------------------------++-------
Melee: War axe           ||    43
       Headbutt          ||    13
       Battleaxe         ||    26
  Use: Potion            ||     1
Armor: Scale mail        ||    39
Dodge: Dodged            ||    46
Block: Buckler           ||     7

Table legend: (Time is in decaauts)
 A = Elapsed time spent in this place.
 B = Non-inter-level travel time spent in this place.
 C = Inter-level travel time spent in this place.
 D = Time resting spent in this place.
 E = Time spent auto-exploring this place.
 F = Levels seen in this place.
 G = Mean time per level.
                   A        B        C        D        E       F      G
               +--------+--------+--------+--------+--------+-----+--------+
         Total |   1450 |   1430 |     20 |      0 |   1161 |   3 |  483.3 |
       Dungeon |   1450 |   1430 |     20 |      0 |   1161 |   3 |  483.3 |
               +--------+--------+--------+--------+--------+-----+--------+

Top non-repeatable levels by time:
     D:2: 701 daAuts
     D:1: 531 daAuts
     D:3: 217 daAuts
